 Dungeon Crawl Stone Soup version 0.32-a0-612-g1c984fe9d1 (webtiles) character file.

Game seed: 13910535562543124823

102 ezpacito the Trooper (level 4, 7/52 HPs)
             Began as a Coglin Chaos Knight on Mar 4, 2024.
             Was a Plaything of Xom.
             Quit the game on level 3 of the Dungeon.
             The game lasted 00:02:27 (1157 turns).

ezpacito the Trooper (Coglin Chaos Knight)          Turns: 1157, Time: 00:02:27

Health: 7/52       AC: 22    Str: 12    XL:     4   Next: 77%
Magic:  5/5        EV:  2    Int: 11    God:    Xom [...*..]
Gold:   140        SH:  0    Dex: 14    Spells: 5/5 levels left

rFire   . . .        a - +0 hand axe (chaos) {Jacinta}
rCold   . . .        d - +0 dagger {Eadburga}
rNeg    . . .        b - melded +2 leather armour
rPois   +            (helmet currently unavailable)
rElec   .            (cloak currently unavailable)
rCorr   .            (gloves currently unavailable)
SInv    .            (boots currently unavailable)
Will    .....        (no amulet)
Stlth   ++           (no ring)
HPRegen 0.00/turn    (no ring)
MPRegen 0.09/turn    (no gizmo)

%: no passive effects
@: tree-form, inhibited regen, invisible, revving
A: stationary, stasis, torment immunity, boosted hp, off-hand wielding, slow
wielding, warmup strikes, (no jewellery), (horns 1), inhibited regeneration,
weak 1, persistent drain
a: Invent Gizmo, Renounce Religion


You were on level 3 of the Dungeon.
You worshipped Xom.
You were a favourite toy of Xom.
You were a tree.
You visited 1 branch of the dungeon, and saw 3 of its levels.

You collected 140 gold pieces.

Inventory:

Hand Weapons
 a - a +0 hand axe of chaos (weapon) {Jacinta}
 d - a +0 dagger (offhand) {Eadburga}
Armour
 b - a +2 leather armour (melded)
 i - a +0 chain mail
Talismans
 l - a granite talisman
Wands
 r - a wand of roots (7)
Scrolls
 e - a scroll of enchant armour {unknown}
 m - a scroll of noise {unknown}
 t - 2 scrolls of teleportation
Potions
 h - a potion of degeneration {unknown}
 j - a potion of haste {unknown}
 k - 2 potions of lignification
 o - a potion of heal wounds {unknown}


   Skills:
 * Level 3.4 Fighting
 * Level 3.4(3.5) Axes
 + Level 1.0(2.1) Polearms
 * Level 2.5 Armour
 * Level 1.6 Dodging
 + Level 0.6 Stealth
 + Level 1.0 Spellcasting


You had 5 spell levels left.
You didn't know any spells.
Your spell library contained the following spells:

 Spells                   Type           Power      Damage    Failure   Level
 Magic Dart               Conj           0%         1d3       32%         1
 Call Imp                 Summ           0%         N/A       43%         2
 Searing Ray              Conj           0%         2d4       43%         2
 Sublimation of Blood     Necr           0%         N/A       43%         2
 Fulminant Prism          Conj/Alch      0%         3d5       97%         4
 Summon Hydra             Summ           0%         N/A       100%        7


Dungeon Overview and Level Annotations

Branches:
Dungeon (3/15)

Altars:


Innate Abilities, Weirdness & Mutations

You are a tree.
Your roots penetrate the ground, keeping you stationary.
You cannot be teleported.
You are immune to unholy pain and torment.
Your maximum health is greatly increased.
Your equipment is partially melded.
You can wield a second weapon in your off-hand.
It takes a long time for you to wield or remove held weapons.
Your first few attacks do less damage.
((You cannot equip rings or amulets.))
((You have a pair of small horns on your head.))
You do not regenerate when monsters are visible.
You are weak. (Str -2)
Your health recovers twice as slowly from being drained.


Message History

Your attack snaps the gnoll out of its fear.
The gnoll convulses!
Your attack snaps the gnoll out of its fear.
You hit the gnoll but do no damage.
The gnoll is heavily wounded.
You hit the gnoll with your +0 hand axe of chaos.
The gnoll seems to speed up.
Xom is highly amused!
The gnoll hits you but does no damage.
The gnoll hits you from afar with a +0 halberd!
* * * LOW HITPOINT WARNING * * *
The gnoll hits you with a +0 whip.
* * * LOW HITPOINT WARNING * * *
You take 9 damage, and have 12/52 hp.
You hit the gnoll with your +0 dagger.
The gnoll is severely wounded.
You hit the gnoll with your +0 hand axe of chaos.
You drain the gnoll.
You kill the gnoll!
The gnoll hits you from afar with a +0 halberd.
* * * LOW HITPOINT WARNING * * *
Your base Polearms skill increases to level 1!
You take 5 damage, and have 7/52 hp.
Okay, then.
As you read the scroll of butterflies, it crumbles to dust.
You hear the flapping of tiny wings.
The gnoll is knocked back by the sudden gust.
Okay, then.
It was a potion of invisibility.
You fade into invisibility!
Xom thinks this is hilarious!
The gnoll completely misses your butterfly.
It was a potion of mutation.
You feel extremely strange.
Your iridescent scales disappear.
You no longer feel strong-willed.
You feel weaker.
Your regeneration stops near monsters.
You begin to recover more slowly from draining effects.
The gnoll hits your butterfly with a +0 halberd!
Your butterfly dies!
Your butterfly disappears in a burst of colours!
Are you sure you want to abandon this character and quit the game? (Confirm with "yes".)

.............#
.##...####.... ..#
.##...# #...###.# ##
.##...# ##### #.. .
.##.#.# #.b . #
.##.#.#### #b# .##..
##..#....## #b##bg..
...###.#..### #b#bb#
.### #.##...####♣bb#
.# #.####..bbbb.##
######.###...###b##
...##......#...bb..
...#...#########b###
...#.#.###### ^..
.............. .?.
.....#.####### .#..
...###.# #. ##


You could see a gnoll (unable to see you, ally target).

Vanquished Creatures
  3 gnolls (D:3)
  An adder (D:2)
  A dart slug (D:1)
  4 bats
  7 endoplasms
  5 giant cockroaches
  4 hobgoblins
  7 jackals
  7 ball pythons
  3 frilled lizards
  6 goblins
  5 kobolds
  4 rats
57 creatures vanquished.

Notes
Turn   | Place    | Note
-------+----------+-------------------------------------------
     0 | D:1      | ezpacito the Coglin Chaos Knight began the quest for the
                  | Orb.
     0 | D:1      | Reached XP level 1. HP: 18/18 MP: 1/1
    45 | D:1      | XOM: silly message
    60 | D:1      | XOM: god gift: shortbow {god gift}
    75 | D:1      | XOM: give mutations
    75 | D:1      | Gained mutation: You are strong-willed. (Will+) [Xom's
                  | grace]
    75 | D:1      | Gained mutation: You have a pair of small horns on your
                  | head. [Xom's grace]
   143 | D:1      | Reached skill level 1 in Dodging
   143 | D:1      | Reached XP level 2. HP: 24/24 MP: 2/2
   194 | D:1      | XOM: give mutation
   194 | D:1      | Gained mutation: You are partially covered in iridescent
                  | scales. (AC +2) [Xom's grace]
   201 | D:1      | XOM: cloud trail
   408 | D:1      | Reached XP level 3. HP: 29/29 MP: 2/4
   408 | D:1      | XOM: silly message
   460 | D:1      | XOM: silly message
   761 | D:2      | XOM: 2-stop teleportation journey
   766 | D:2      | XOM: confusion (+ monsters)
   865 | D:2      | Reached XP level 4. HP: 31/35 MP: 5/5
  1145 | D:3      | Reached skill level 1 in Spellcasting
  1154 | D:3      | Reached skill level 1 in Polearms
  1156 | D:3      | Lost mutation: You are partially covered in iridescent
                  | scales. (AC +2) [potion of mutation]
  1156 | D:3      | Lost mutation: You are strong-willed. (Will+) [potion of
                  | mutation]
  1156 | D:3      | Gained mutation: You are weak. (Str -2) [potion of
                  | mutation]
  1156 | D:3      | Gained mutation: You do not regenerate when monsters are
                  | visible. [potion of mutation]
  1156 | D:3      | Gained mutation: Your health recovers twice as slowly from
                  | being drained. [potion of mutation]
  1157 | D:3      | Quit the game

Illustrated notes

Levels and vault maps discovered:
D:1:      spicycebolla_arrival_risky_transporter, layout_rooms
D:2:      layout_rooms, minmay_hexomino_c4
D:3:      minmay_angry_zag, layout_rooms, serial_shops, nicolae_shop_waterfront,
          minmay_misc_feat_diagonals, uniq_robin

Skill      XL: |  1  2  3  4 |
---------------+-------------+-----
Dodging        | 1 |  1.6
Armour         | 2 |  2.5
Spellcasting   | 1 |  1.0
Polearms       | 1 |  1.0
Fighting       | |  3.4
Axes           | |  3.4
Stealth        | |  0.6

Action                     |  1- 3 |  4- 6 || total
---------------------------+-------+-------++-------
  Melee: Dagger            |    63 |    11 ||    74
         Hand axe          |    66 |    13 ||    79
         Headbutt          |    13 |     1 ||    14
    Use: Scroll            |       |     8 ||     8
         Potion            |       |     5 ||     5
   Stab: Confused          |     1 |       ||     1
 Armour: Leather armour    |    52 |    12 ||    64
         Skin              |       |     9 ||     9
  Dodge: Dodged            |    44 |     2 ||    46

Table legend: (Time is in decaauts)
 A = Elapsed time spent in this place.
 B = Non-inter-level travel time spent in this place.
 C = Inter-level travel time spent in this place.
 D = Time resting spent in this place.
 E = Time spent auto-exploring this place.
 F = Levels seen in this place.
 G = Mean time per level.
                   A        B        C        D        E       F      G
               +--------+--------+--------+--------+--------+-----+--------+
         Total |   1161 |   1087 |     74 |     59 |    722 |   3 |  387.0 |
       Dungeon |   1161 |   1087 |     74 |     59 |    722 |   3 |  387.0 |
               +--------+--------+--------+--------+--------+-----+--------+

Top non-repeatable levels by time:
     D:1: 546 daAuts
     D:2: 489 daAuts
     D:3: 126 daAuts
